 Dungeon Crawl Stone Soup version 0.18.1-6-gd335043 (webtiles) character file.

46 lightmor the Ruffian (level 3, -5/31 HPs)
             Began as a Naga Transmuter on May 17, 2016.
             Shot with an arrow by a centaur (9 damage)
             ... on level 1 of the Dungeon.
             The game lasted 00:02:51 (2140 turns).

lightmor the Ruffian (Naga Transmuter)              Turns: 2140, Time: 00:02:52

Health: -5/31      AC:  2    Str: 12    XL:     3   Next: 68%
Magic:  6/6        EV: 10    Int: 14    God:
Gold:   30         SH:  0    Dex: 11    Spells: 2 memorised, 3 levels left

rFire  . . .     SeeInvis +       - Unarmed
rCold  . . .     Gourm    .     f - +0 robe (curse)
rNeg   . . .     Faith    .     (no shield)
rPois  +         Spirit   .     (no helmet)
rElec  .         Dismiss  .     (no cloak)
rCorr  .         Reflect  .     (no gloves)
SustAt .         Harm     .     (no barding)
MR     .....                    (no amulet)
Stlth  ++........               (no ring)
                                (no ring)

@: very slow, not resistant to hostile enchantments, unstealthy
A: see invisible, deformed body, poison resistance, slowness 2, slow metabolism
1, spit poison 2, AC +1
a: Spit Poison


You were on level 1 of the Dungeon.
You were not hungry.

You visited 1 branch of the dungeon, and saw 2 of its levels.

You collected 30 gold pieces.

Inventory:

Missiles
 a - 8 arrows
Armour
 f - a cursed +0 robe (worn)
Scrolls
 e - a scroll of teleportation {unknown}
 g - a scroll of identify {unknown}
 i - a scroll of fear {unknown}
Potions
 b - a potion of agility {unknown}
 h - a potion of haste {unknown}
 j - a potion of might {unknown}
Books
 c - a book of Changes

   Spells                             Type                      Level
   a - Beastly Appendage              Transmutation                1
   b - Sticks to Snakes               Transmutation                2
   c - Spider Form                    Transmutation/Poison         3
   d - Ice Form                       Ice/Transmutation            4
   e - Blade Hands                    Transmutation                5
Comestibles
 d - a bread ration


   Skills:
 - Level 1.0 Fighting
 - Level 1.5 Dodging
 + Level 2.5 Stealth
 * Level 4.1 Unarmed Combat
 - Level 2.0 Spellcasting
 - Level 2.0 Transmutations


You had 3 spell levels left.
You knew the following spells:

 Your Spells              Type           Power        Failure   Level  Hunger
a - Beastly Appendage     Trmt           #.....       12%         1    ##.....
b - Sticks to Snakes      Trmt           #.......     17%         2    ###....


Dungeon Overview and Level Annotations

Branches:
Dungeon (2/15)

Altars:


Innate Abilities, Weirdness & Mutations

You cannot wear boots.
Your serpentine skin is tough (AC +1).
You have supernaturally acute eyesight.
Armour fits poorly on your strangely shaped body.
Your system is resistant to poisons.
You cover ground very slowly.
You have a slow metabolism.
You can spit poison.


Message History

You start resting.
You have got your breath back.
You start resting.
HP restored.
There is an open door here.
There is an open door here.
There is a stone staircase leading down here.
Read which item? (? for menu, Esc to quit)
Okay, then.
A centaur comes into view.
The centaur wields a shortbow.
The centaur shoots an arrow.
The arrow hits you!!
Ouch! That really hurt!
The centaur shoots an arrow.
The arrow hits you!
* * * LOW HITPOINT WARNING * * *
You see here 2 arrows.
Unknown command.
The centaur shoots an arrow.
The arrow barely misses you.
The centaur shoots an arrow.
The arrow hits you!
You die...

#.....## ##.## ##.....# #.....#
###...### #.....#
#....####....)..####....# ###
#....##...........##....#
..####...#............c..#..)#
#............................#
#####.............#..........####
........[####....((.......#...(..
########.# ##..@######...#.#####
#.# #.(.# ##..#.# #.# #...#
#.)#.##### #.# #...# #).#......
########.# #...# ##>#######
.........# #...# #........
########## #...# #.####### #...#
#...# #...# #...#


You could see a centaur.

Vanquished Creatures
  A gnoll (D:1)
  An ooze (D:1)
  A ball python (D:1)
  A giant cockroach (D:1)
  4 goblins (D:1)
  3 hobgoblins (D:1)
  3 jackals (D:1)
  7 kobolds (D:1)
  2 bats (D:1)
  2 giant newts (D:1)
  5 rats (D:1)
30 creatures vanquished.

Vanquished Creatures (collateral kills)
  A gnoll (D:1)
1 creature vanquished.

Grand Total: 31 creatures vanquished

Notes
Turn   | Place    | Note
--------------------------------------------------------------
     0 | D:1      | lightmor the Naga Transmuter began the quest for the Orb.
     0 | D:1      | Reached XP level 1. HP: 18/18 MP: 3/3
   273 | D:1      | Reached skill level 1 in Stealth
   273 | D:1      | Reached XP level 2. HP: 25/25 MP: 5/5
   296 | D:1      | Learned a level 2 spell: Sticks to Snakes
   937 | D:1      | Reached XP level 3. HP: 28/31 MP: 6/6
  1529 | D:1      | Reached skill level 4 in Unarmed Combat
  2139 | D:1      | Noticed a centaur
  2140 | D:1      | Shot with an arrow by a centaur

Skill      XL: |  1  2  3 |
---------------+----------+-----
Stealth        | 1 2 |  2.5
Unarmed Combat | 4 |  4.1
Fighting       | |  1.0
Dodging        | |  1.5
Spellcasting   | |  2.0
Transmutations | |  2.0

Action                   || total
-------------------------++-------
Melee: Unarmed           ||    88
       Punch             ||     1
 Cast: Sticks to Snakes  ||     4
 Abil: Spit Poison       ||     9
 Stab: Distracted        ||     1
  Eat: Chunk             ||     3
Armor: Robe              ||    14
Dodge: Dodged            ||    55
